 Dungeon Crawl Stone Soup version 0.28.0-43-g3370ac3207 (webtiles) character file.

Game seed: 8289127202314927231

41 Acheron the Sneak (level 3, -7/33 HPs)
             Began as a Minotaur Delver on Mar 10, 2022.
             Killed by divine providence
             ... invoked by an orc priest
              (12 damage)
             ... on level 5 of the Dungeon.
             The game lasted 00:05:00 (845 turns).

Acheron the Sneak (Minotaur Delver)                  Turns: 845, Time: 00:05:00

Health: -7/33      AC:  3    Str: 16    XL:     3   Next: 32%
Magic:  2/2        EV: 12    Int:  9    God:
Gold:   61         SH:  0    Dex: 11    Spells: 2/2 levels left

rFire   . . .      SeeInvis .   h - +0 war axe
rCold   . . .      Faith    .   (no shield)
rNeg    . . .      Spirit   .   b - +0 leather armour
rPois   .          Reflect  .   (helmet restricted)
rElec   .          Harm     .   (no cloak)
rCorr   .          Rampage  .   (no gloves)
Will    .....                   (no boots)
Stlth   ++........              (no amulet)
HPRegen 0.11/turn               (no ring)
MPRegen 0.08/turn               (no ring)

@: hasted, very quick
A: horns 2, retaliatory headbutt
a: no special abilities


You were on level 5 of the Dungeon.
You visited 1 branch of the dungeon, and saw 3 of its levels.

You collected 61 gold pieces.

Inventory:

Hand Weapons
 a - a +0 falchion
 h - a +0 war axe (weapon)
Missiles
 i - 58 stones (quivered)
Armour
 b - a +0 leather armour (worn)
Wands
 g - a wand of digging (3)
Scrolls
 c - a scroll of fog
 d - a scroll of magic mapping
Potions
 f - a potion of haste
 j - a potion of might {unknown}
 l - a potion of heal wounds {unknown}


   Skills:
 * Level 3.9 Fighting
 + Level 2.4 Long Blades
 * Level 0.4 Axes
 * Level 0.3 Throwing
 + Level 0.3 Armour
 * Level 3.0 Dodging
 * Level 4.4 Stealth
 * Level 0.2 Evocations


You had 2 spell levels left.
You didn't know any spells.
Your spell library contained the following spells:

 Spells                   Type           Power      Damage    Failure   Level
 Portal Projectile        Hex/Tloc       0%         N/A       83%         3
 Blade Hands              Tmut           0%         N/A       100%        5
 Excruciating Wounds      Necr           0%         N/A       100%        5


Dungeon Overview and Level Annotations

Branches:
Dungeon (7/15)
 Temple: D:4-7

Altars:


Innate Abilities, Weirdness & Mutations

You have a pair of horns on your head.
You reflexively headbutt those who attack you in melee.


Message History

You open the door.
The ogre shouts!
There is an open door here.
You open the door.
There is an open door here.
Found 12 gold pieces.
As you read the scroll of fear, it crumbles to dust.
You assume a fearsome visage.
The ogre looks frightened!
You now have 61 gold pieces (gained 12).
You open the door.
There is an open door here.
The orc priest shouts!
An orc opens the door.
The orc priest mumbles some strange prayers to Beogh against you.
Pain shoots through your body!
The orc priest looks braver for a moment.
The orc shouts!
The orc priest invokes the aid of Beogh against you.
Pain shoots through your body!
* * * LOW HITPOINT WARNING * * *
You feel yourself speed up.
You hit the orc priest but do no damage.
Your headbutt misses the orc priest. The orc barely misses you.
You hit the orc priest. You headbutt the orc priest.
The orc priest is heavily wounded.
The orc hits you from afar with a +0 trident.
* * * LOW HITPOINT WARNING * * *
The orc priest barely misses you. You furiously retaliate!
You headbutt the orc priest, but do no damage.
The orc hits you from afar with a +0 trident.
* * * LOW HITPOINT WARNING * * *
You closely miss the orc priest. You headbutt the orc priest.
The orc priest is heavily wounded.
The orc priest misses you.
You hit the orc priest but do no damage.
The orc priest is heavily wounded.
The orc closely misses you.
The orc priest mumbles some strange prayers to Beogh against you.
Beogh smites you!
You die...

###########..## o..
.'.......####.#
.#.......##..## .
###'######.### ..
.........##..#.#
...............#
...............#
...............######
#########'###.o.@...#
#.........#...o...+
+.......O.'.......#
###.##.####.......#
###.##.##.###'##......
................#.......
................#.......
####....##..##..#.......
#######'###..#.......


You could see an ogre, an orc priest and an orc.

Vanquished Creatures
  An iguana (D:5)
  A hound skeleton (D:5)
  A quokka (D:5)
3 creatures vanquished.

Notes
Turn   | Place    | Note
-------+----------+-------------------------------------------
     0 | D:5      | Acheron the Minotaur Delver began the quest for the Orb.
     0 | D:5      | Reached XP level 1. HP: 19/19 MP: 0/0
   252 | D:5      | Noticed an orc priest
   259 | D:5      | Noticed a scorpion
   298 | D:5      | Noticed an iguana
   514 | D:5      | Killed an iguana
   515 | D:5      | Reached XP level 2. HP: 10/27 MP: 1/1
   515 | D:5      | Reached XP level 3. HP: 12/33 MP: 2/2
   541 | D:5      | Noticed a scorpion
   784 | D:5      | Noticed a black bear
   809 | D:5      | Noticed an ogre
   845 | D:5      | Killed from afar by an orc priest

Illustrated notes

Levels and vault maps discovered:
D:5:      layout_gridville, chequers_serial_rivers_room_a,
          grunt_decor_resistance, chequers_serial_rivers_small_a,
          uniq_crazy_yiuf_cottage
D:6:      layout_layer_cave, uniq_menkaure
D:7:      nicolae_cairo_tiling_large, layout_basic,
          minmay_temple_entry_overgrown, uniq_duvessa

Skill      XL: |  1 |
---------------+----+-----
Dodging        | 3 |  3.0
Fighting       | |  3.9
Long Blades    | |  2.4
Axes           | |  0.4
Throwing       | |  0.3
Armour         | |  0.3
Stealth        | |  4.4
Evocations     | |  0.2

Action                   || total
-------------------------++-------
Melee: War axe           ||    16
       Headbutt          ||     3
  Use: Scroll            ||     5
       Potion            ||     1
 Stab: Distracted        ||     1
Armor: Leather armour    ||     2
Dodge: Dodged            ||    10
